 Dungeon Crawl Stone Soup version 0.29-a0-40-g8eb35efe60 (webtiles) character file.

Game seed: 12845572824749409540

87 esteth the Poker (level 4, -2/35 HPs)
             Began as a Merfolk Gladiator on Feb 1, 2022.
             Was a Believer of Lugonu.
             Slain by an iguana (5 damage)
             ... on level 3 of the Dungeon.
             The game lasted 00:03:35 (2572 turns).

esteth the Poker (Merfolk Gladiator)                Turns: 2572, Time: 00:03:36

Health: -2/35      AC:  5    Str: 14    XL:     4   Next: 51%
Magic:  5/5        EV: 13    Int:  9    God:    Lugonu [**....]
Gold:   58         SH:  0    Dex: 15    Spells: 3/3 levels left

rFire   . . .      SeeInvis .   a - +0 trident
rCold   . . .      Faith    .   (no shield)
rNeg    . . .      Spirit   .   b - +0 leather armour
rPois   .          Reflect  .   c - +0 helmet
rElec   .          Harm     .   (no cloak)
rCorr   .          Rampage  .   f - +0 pair of gloves
Will    .....                   (no boots)
Stlth   +.........              (no amulet)
HPRegen 0.11/turn               (no ring)
MPRegen 0.09/turn               (no ring)

@: mighty, about to teleport, attractive
A: (nimble swimmer 2), mertail
a: Renounce Religion, Depart the Abyss, Bend Space


You were on level 3 of the Dungeon.
You worshipped Lugonu.
Lugonu was pleased with you.
You visited 1 branch of the dungeon, and saw 3 of its levels.

You collected 58 gold pieces.

Inventory:

Hand Weapons
 a - a +0 trident (weapon)
Missiles
 d - 4 throwing nets (quivered)
Armour
 b - a +0 leather armour (worn)
 c - a +0 helmet (worn)
 f - a +0 pair of gloves (worn)
Scrolls
 g - a scroll of fear {unknown}
 i - a scroll of teleportation
 j - a scroll of amnesia {unknown}


   Skills:
 + Level 3.2 Fighting
 * Level 6.3 Polearms
 - Level 2.0 Throwing
 - Level 4.0 Dodging
 + Level 1.4 Invocations


You had 3 spell levels left.
You didn't know any spells.
Your spell library was empty.

Dungeon Overview and Level Annotations

Branches:
Dungeon (3/15)

Altars:
Ru
Lugonu


Innate Abilities, Weirdness & Mutations

((You are very nimble when in or above water. (Stealth+, EV+, Speed+++)))
Your lower body shifts to a powerful aquatic tail in water.


Message History

You are too injured to fight recklessly!
You are too injured to fight recklessly!
You are too injured to fight recklessly!
You are too injured to fight recklessly!
You are too injured to fight recklessly!
You are too injured to fight recklessly!
You are too injured to fight recklessly!
You are too injured to fight recklessly!
You are too injured to fight recklessly!
You are too injured to fight recklessly!
You are too injured to fight recklessly!
You are too injured to fight recklessly!
You are too injured to fight recklessly!
You are too injured to fight recklessly!
The iguana bites you.
You closely miss the iguana.
The iguana is lightly wounded.
The iguana bites you.
You barely miss the iguana.
The iguana is lightly wounded.
The iguana bites you.
* * * LOW HITPOINT WARNING * * *
It was a potion of attraction.
You feel attractive to monsters. The iguana barely misses you.
The worm is attracted toward you.
It was a potion of might.
You feel very mighty all of a sudden. The iguana bites you.
* * * LOW HITPOINT WARNING * * *
You see here 20 stones.
The worm is attracted toward you. The worm is attracted toward you.
As you read the scroll labelled LELAEJ JYDDAL, it crumbles to dust.
The creatures around you are filled with an inner flame!
It was a scroll of immolation.
The iguana barely misses you. The worm is attracted toward you.
As you read the scroll labelled JUFAHO ERUOLI, it crumbles to dust.
You feel strangely unstable.
It was a scroll of teleportation.
The iguana bites you.
You die...

....### #.# #).....##
#.## #.# #.........
#...#####(###.......#.
#.......#...........#
#..........#####.##...
#.#..8..#§## .# ...
#..†....#w### .# ##
#.......l.####.#.
##..<....@.......
#......#.....>....##
########.........##
#.....##### #.....#
#######


You could see a worm (inner flame) and an iguana (inner flame).

Vanquished Creatures
  5 adders (D:2)
  An ufetubus (D:3)
  5 goblins
  3 hobgoblins
  4 jackals (D:2)
  7 kobolds
  3 quokkas
  2 ball pythons (D:2)
  4 bats
  A frilled lizard (D:1)
  A quokka zombie (D:3)
  2 rats
38 creatures vanquished.

Notes
Turn   | Place    | Note
-------+----------+-------------------------------------------
     0 | D:1      | esteth the Merfolk Gladiator began the quest for the Orb.
     0 | D:1      | Reached XP level 1. HP: 16/16 MP: 1/1
   372 | D:1      | Reached XP level 2. HP: 23/23 MP: 2/2
   383 | D:1      | Reached skill level 5 in Polearms
  1000 | D:1      | Found a faded altar of an unknown god.
  1174 | D:1      | Prayed at the altar of an unknown god.
  1174 | D:1      | Became a worshipper of Lugonu the Unformed
  1174 | D:1      | Reached * piety under Lugonu
  1174 | D:1      | Reached ** piety under Lugonu
  1382 | D:2      | Reached XP level 3. HP: 26/28 MP: 3/3
  1638 | D:2      | Found a sacrificial altar of Ru.
  1665 | D:2      | Reached skill level 1 in Invocations
  1892 | D:2      | Reached skill level 6 in Polearms
  1910 | D:2      | Reached XP level 4. HP: 18/35 MP: 4/4
  2572 | D:3      | Slain by an iguana

Illustrated notes

Levels and vault maps discovered:
D:1:      erik_arrival_cave_to_civilisation [erik_arrival_cave_to_hall],
          layout_loops_ring, shapermc_ecumenical_altar_mp_urbaneastern,
          nicolae_concentric_dashed_squares_wild
D:2:      minmay_kobold_bridge, layout_basic, basic_altar
D:3:      layout_rooms, serial_undead, serial_undead_d, serial_undead_b,
          serial_undead_a, serial_undead_f, uniq_jessica

Skill      XL: |  1  2  3 |
---------------+----------+-----
Polearms       | 5 6 |  6.3
Fighting       | 3 |  3.2
Invocations    | 1 |  1.4
Throwing       | |  2.0
Dodging        | |  4.0

Action                   |  1- 3 |  4- 6 || total
-------------------------+-------+-------++-------
Melee: Trident           |    97 |    34 ||   131
       Punch             |     1 |       ||     1
  Use: Scroll            |       |     2 ||     2
       Potion            |       |     2 ||     2
 Stab: Sleeping          |     1 |     1 ||     2
Armor: Leather armour    |    29 |     7 ||    36
Dodge: Dodged            |    80 |    17 ||    97

Table legend: (Time is in decaauts)
 A = Elapsed time spent in this place.
 B = Non-inter-level travel time spent in this place.
 C = Inter-level travel time spent in this place.
 D = Time resting spent in this place.
 E = Time spent auto-exploring this place.
 F = Levels seen in this place.
 G = Mean time per level.
                   A        B        C        D        E       F      G
               +--------+--------+--------+--------+--------+-----+--------+
         Total |   2575 |   2433 |    142 |      0 |   2157 |   3 |  858.3 |
       Dungeon |   2575 |   2433 |    142 |      0 |   2157 |   3 |  858.3 |
               +--------+--------+--------+--------+--------+-----+--------+

Top non-repeatable levels by time:
     D:2: 1402 daAuts
     D:1: 1069 daAuts
     D:3: 103 daAuts
